 Dungeon Crawl Stone Soup version 0.28-a0-1152-g9c71ebef14 (webtiles) character file.

Game seed: 9630515836562456474

28 spaghetti the Sneak (level 2, -2/24 HPs)
             Began as a Demonspawn Delver on Dec 14, 2021.
             Slain by a black bear (5 damage)
             ... on level 5 of the Dungeon.
             The game lasted 00:00:18 (180 turns).

spaghetti the Sneak (Demonspawn Delver)              Turns: 180, Time: 00:00:19

Health: -2/24      AC:  3    Str: 12    XL:     2   Next: 96%
Magic:  2/2        EV: 11    Int: 11    God:
Gold:   27         SH:  0    Dex: 14    Spells: 1/1 levels left

rFire   . . .      SeeInvis .   a - +0 falchion {long}
rCold   . . .      Faith    .   (no shield)
rNeg    . . .      Spirit   .   b - +0 leather armour
rPois   .          Reflect  .   (helmet restricted)
rElec   .          Harm     .   (no cloak)
rCorr   .          Rampage  .   (no gloves)
Will    .....                   (no boots)
Stlth   +++.......              (no amulet)
HPRegen 0.08/turn               (no ring)
MPRegen 0.08/turn               (no ring)

@: no status effects
A: horns 1
a: no special abilities


You were on level 5 of the Dungeon.
You visited 1 branch of the dungeon, and saw 1 of its levels.

You collected 27 gold pieces.


Innate Abilities, Weirdness & Mutations

You have a pair of small horns on your head.


   Skills:
 - Level 3.0 Fighting
 - Level 1.7 Long Blades
 - Level 1.7 Dodging
 + Level 5.4 Stealth
 + Level 0.0 Evocations


You had one spell level left.
You didn't know any spells.
Your spell library was empty.

Inventory:

Hand Weapons
 a - a +0 falchion (weapon) {long}
Missiles
 h - 18 stones (quivered) {throwing}
Armour
 b - a +0 leather armour (worn)
Wands
 g - a wand of digging (3)
 i - a wand of paralysis (8)
   (You found it on level 5 of the Dungeon)
Scrolls
 c - a scroll of fog
 d - a scroll of magic mapping {!r}
 e - a scroll of fear
Potions
 f - a potion of haste {@q3}

Dungeon Overview and Level Annotations

Branches:
Dungeon (5/15)
 Temple: D:4-7

Altars:

# ###.#########
......h.....############
...>...@./..............
........................
............############
............#
.)..........#
........?...#
......[.....#
............#


You could see a black bear.


Message History

🤖 Initializing magus.rc ...
Options error: Delay interrupt name "hungry" not recognised. (~/.crawlrc:4771) ✅ Successfully initialized magus.rc [v1.9.6] Welcome, spaghetti the Demonspawn Delver.
Will you prevail where others failed? Will you find the Orb of Zot?
Press ? for a list of commands and other information.
Found a robe.
Found a stone staircase leading down.
h - 18 stones {throwing} A hound comes into view.
The helpless hound fails to defend itself.
You hit the hound. The hound bites you. The hound misses you. 😕 HP[-4]
You take 4 damage, and now have 14/18 hp.
MASSIVE DAMAGE!! (PAUSE)
You miss the hound. The hound barely misses you. The hound closely misses you.
You slash the hound! The hound bites you but does no damage.
You hit the hound. The hound closely misses you.
The hound bites you but does no damage.
You closely miss the hound. The hound barely misses you.
The hound bites you. 😮 HP[-3]
You take 3 damage, and now have 11/18 hp.
You slash the hound!
You kill the hound!
Your Stealth skill increases to level 5!
You have reached level 2!
Your demonic ancestry asserts itself...
A pair of horns grows on your head! 😮 HP[+4] MP[+1]
You now have 24 max hp (+6).
You regained 4 hp, and now have 15/24 hp.
Your mp is fully restored (2).
Unknown command.
You start resting. 😎 HP[+9]
Your hp is fully restored (24).
You now have 15 gold pieces.
i - a wand of paralysis (8)
You now have 27 gold pieces (gained 12).
A black bear comes into view.
A black bear is nearby!
Found a stone staircase leading down.
You see here a wand of iceblast (7).
The helpless black bear fails to defend itself.
You slash the black bear! The black bear closely misses you.
The black bear claws you but does no damage.
The black bear claws you. 😕 HP[-2]
You take 2 damage, and now have 22/24 hp.
You slash the black bear! The black bear bites you.
The black bear claws you but does no damage.
The black bear misses you. 😕 HP[-1]
You take 1 damage, and now have 21/24 hp.
You closely miss the black bear. Your headbutt misses the black bear.
The black bear barely misses you.
The black bear claws you but does no damage.
The black bear claws you. 😮 HP[-4]
You take 4 damage, and now have 17/24 hp.
You barely miss the black bear. The black bear bites you.
The black bear claws you. x2
* * * LOW HITPOINT WARNING * * *
The black bear bites you.
* * * LOW HITPOINT WARNING * * *
The black bear barely misses you. The black bear claws you.
* * * LOW HITPOINT WARNING * * *
😱 HP[-14]
You take 14 damage, and now have 3/24 hp.
MASSIVE DAMAGE!! (PAUSE) Unknown command.
You barely miss the black bear.
You headbutt the black bear, but do no damage.
The black bear bites you.
You die...

Skill      XL: |  1 |
---------------+----+-----
Stealth        | 5 |  5.4
Fighting       | |  3.0
Long Blades    | |  1.7
Dodging        | |  1.7

Action                   || total
-------------------------++-------
Melee: Falchion          ||    11
       Headbutt          ||     1
 Stab: Sleeping          ||     2
Armor: Leather armour    ||     5
Dodge: Dodged            ||     9

Levels and vault maps discovered:
D:5:      layout_basic, grunt_decor_clamped, uniq_prince_ribbit1, uniq_pikel,
          uniq_eustachio

Notes
Turn   | Place    | Note
-------+----------+-------------------------------------------
     0 | D:5      | spaghetti the Demonspawn Delver began the quest for the
                  | Orb.
     0 | D:5      | Reached XP level 1. HP: 18/18 MP: 1/1
     0 | D:5      | magus.rc [v1.9.6]
    15 | D:5      | Noticed a hound
    27 | D:5      | Killed a hound
    28 | D:5      | Reached skill level 5 in Stealth
    28 | D:5      | Gained mutation: You have a pair of small horns on your
                  | head. [demonic ancestry]
    28 | D:5      | Reached XP level 2. HP: 15/24 MP: 2/2
   169 | D:5      | Noticed a black bear
   179 | D:5      | HP: 5/24 [black bear (6)]
   180 | D:5      | Slain by a black bear

Vanquished Creatures
  A hound (D:5)
1 creature vanquished.

Table legend:
 A = Non-vault XP
 B = Vault XP
 C = Vault XP percentage of total XP
 D = Non-vault monster count
 E = Vault monster count
 F = Vault count percentage of total count
                 A         B        C        D         E       F
            +---------+---------+-------+---------+---------+-------
      Total |      40 |       0 |   0.0 |       1 |       0 |   0.0
            +---------+---------+-------+---------+---------+-------
        D:5 |      40 |       0 |   0.0 |       1 |       0 |   0.0
            +---------+---------+-------+---------+---------+-------

Illustrated notes

Table legend:
 A = Kills in this place as a percentage of kills in entire the game.
 B = Kills by you in this place as a percentage of kills by you in the entire game.
 C = Kills by friends in this place as a percentage of kills by friends in the entire game.
 D = Other kills in this place as a percentage of other kills in the entire game.
 E = Experience gained in this place as a percentage of experience gained in the entire game.
 F = Experience gained in this place divided by the number of levels of this place that you have seen.
                   A       B       C       D       E      F
               +-------+-------+-------+-------+-------+----------------------
         Total | 100.0 | 100.0 |   N/A |   N/A | 100.0 |  40.0
       Dungeon | 100.0 | 100.0 |   N/A |   N/A | 100.0 |  40.0
               +-------+-------+-------+-------+-------+----------------------

Table legend: (Time is in decaauts)
 A = Elapsed time spent in this place.
 B = Non-inter-level travel time spent in this place.
 C = Inter-level travel time spent in this place.
 D = Time resting spent in this place.
 E = Time spent auto-exploring this place.
 F = Levels seen in this place.
 G = Mean time per level.
                   A        B        C        D        E       F      G
               +--------+--------+--------+--------+--------+-----+--------+
         Total |    182 |    182 |      0 |    105 |     50 |   1 |  182.0 |
       Dungeon |    182 |    182 |      0 |    105 |     50 |   1 |  182.0 |
               +--------+--------+--------+--------+--------+-----+--------+

Top non-repeatable levels by time:
     D:5: 182 daAuts
